 Dungeon Crawl Stone Soup version 0.21.1-1-g345015f (webtiles) character file.

105 goulibeur the Unweaver (level 4, 0/35 HPs)
             Began as a Demonspawn Abyssal Knight on June 17, 2018.
             Was a Follower of Lugonu.
             Slain by a rat (2 damage)
             ... on level 3 of the Dungeon.
             The game lasted 00:07:07 (2292 turns).

goulibeur the Unweaver (Demonspawn Abyssal Knight)  Turns: 2292, Time: 00:07:08

Health: 0/35       AC: 10    Str: 12    XL:     4   Next: 53%
Magic:  7/7        EV:  6    Int: 13    God:    Lugonu [*.....]
Gold:   129        SH:  0    Dex: 14    Spells: 3/3 levels left

rFire    . . .     SeeInvis .   a - +1 short sword
rCold    + . .     Gourm    .   (no shield)
rNeg     . . .     Faith    .   g - +0 chain mail
rPois    .         Spirit   .   (helmet restricted)
rElec    .         Reflect  .   (no cloak)
rCorr    .         Harm     .   (no gloves)
MR       .....                  (no boots)
Stlth    ..........             (no amulet)
HPRegen  0.11/turn              (no ring)
MPRegen  0.10/turn              (no ring)

@: no status effects
A: antennae 1, yellow scales 1, cold resistance 1
a: Depart the Abyss, Renounce Religion


You were on level 3 of the Dungeon.
You worshipped Lugonu.
Lugonu was aware of your devotion.
You were hungry.

You visited 1 branch of the dungeon, and saw 3 of its levels.
You visited the Abyss 1 time.

You collected 129 gold pieces.

Inventory:

Hand Weapons
 a - a +1 short sword (weapon)
Armour
 b - a +0 leather armour
 g - a +0 chain mail (worn)
Jewellery
 j - an uncursed ring of magical power {unknown}
Scrolls
 k - 2 scrolls of teleportation
 l - a scroll of immolation {unknown}
Potions
 d - 3 potions of flight {unknown}
 e - 2 potions of curing
 f - a potion of mutation {unknown}
 h - a potion of degeneration {unknown}
 i - a potion of magic {unknown}
 n - a potion of agility {unknown}
Comestibles
 c - 3 rations
 m - 8 chunks of flesh


   Skills:
 + Level 3.5 Fighting
 - Level 1.7 Short Blades
 + Level 2.5 Armour
 + Level 1.8 Dodging
 * Level 4.4 Invocations


You had 3 spell levels left.
You didn't know any spells.

Dungeon Overview and Level Annotations

Branches:
Dungeon (3/15)

Altars:


Innate Abilities, Weirdness & Mutations

You have a pair of small antennae on your head.
You are partially covered in yellow scales. (AC +2)
Your flesh is cold resistant. (rC+)


Message History

You closely miss the orc. The orc hits you but does no damage.
The rat barely misses you.
You closely miss the orc. The orc hits you with a trident.
* * * LOW HITPOINT WARNING * * *
The rat bites you but does no damage.
Your chain mail prevents you from hitting the orc.
The orc hits you but does no damage. The rat bites you but does no damage.
Your chain mail prevents you from hitting the orc.
The orc hits you but does no damage. The rat barely misses you.
A bat comes into view.
You completely miss the orc. The orc hits you but does no damage.
The rat bites you but does no damage.
You barely miss the orc. The orc hits you but does no damage.
The rat bites you but does no damage.
Your chain mail prevents you from hitting the orc.
The orc hits you but does no damage. The rat bites you but does no damage.
You hit the orc.
The orc is severely wounded.
The orc hits you but does no damage. The rat bites you.
You die...

..!.....# .........
........# ........#
......... ........#
... ........#####
..$ #.....bo@..#
#.#
#......r##.###%#
#.......##..##.#
#.......###.##.#
####...## #..#(#
###########.#
##...### #......#
#.# ###...## ####
#......#
#.######..#..##....
#......#
.....#.###.....##


You could see an orc, a bat and a rat.

Vanquished Creatures
  An orc priest (D:3)
  A gnoll (D:1)
  An adder (D:3)
  A worm (D:2)
  3 dart slugs (D:1)
  2 orcs (D:3)
  2 giant cockroaches
  5 goblins
  5 hobgoblins
  2 jackals (D:1)
  A quokka (D:3)
  9 bats
  2 frilled lizards
  7 kobolds
  4 rats (D:1)
46 creatures vanquished.

Notes
Turn   | Place    | Note
-------+----------+-------------------------------------------
     0 | Abyss:1  | goulibeur the Demonspawn Abyssal Knight began the quest for the Orb.
     0 | Abyss:1  | Reached XP level 1. HP: 18/18 MP: 2/2
    25 | Abyss:1  | Found a corrupted altar of Lugonu.
    75 | Abyss:1  | Noticed an iron imp
    75 | Abyss:1  | Noticed a smoke demon
    76 | D:1      | Escaped the Abyss
   109 | D:1      | Reached skill level 1 in Dodging
   156 | D:1      | Reached * piety under Lugonu
   166 | D:1      | Gained mutation: Your flesh is cold resistant. (rC+) [demonic ancestry]
   166 | D:1      | Reached XP level 2. HP: 10/24 MP: 4/4
   169 | D:1      | Reached skill level 3 in Invocations
   813 | D:1      | Gained mutation: You are partially covered in yellow scales. (AC +2) [demonic ancestry]
   813 | D:1      | Reached XP level 3. HP: 29/29 MP: 5/5
  2108 | D:3      | Reached skill level 4 in Invocations
  2108 | D:3      | Gained mutation: You have a pair of small antennae on your head. [demonic ancestry]
  2108 | D:3      | Reached XP level 4. HP: 24/35 MP: 5/7
  2286 | D:3      | HP: 1/35 [orc/trident (3)]
  2292 | D:3      | Slain by a rat

Skill      XL: |  1  2  3 |
---------------+----------+-----
Dodging        | 1 |  1.8
Invocations    | 3 4 |  4.4
Armour         | 2 |  2.5
Fighting       | |  3.5
Short Blades   | |  1.7

Action                   |  1- 3 |  4- 6 || total
-------------------------+-------+-------++-------
Melee: Short sword       |   179 |    54 ||   233
Invok: Depart the Abyss  |     1 |       ||     1
  Use: Scroll            |     3 |       ||     3
  Eat: Chunk             |     4 |       ||     4
Armor: Leather armour    |     8 |       ||     8
       Chain mail        |   128 |    55 ||   183
Dodge: Dodged            |    75 |    23 ||    98
